 Dungeon Crawl Stone Soup version 0.30-a0-639-g3916f1956a (webtiles) character file.

Game seed: 14091501324124065803

60 wormed the Magician (level 4, -2/32 HPs)
             Began as a Gnoll Wanderer on Jan 15, 2023.
             Killed from afar by Natasha (7 damage)
             ... with a magic dart
             ... on level 2 of the Dungeon.
             The game lasted 00:01:36 (1127 turns).

wormed the Magician (Gnoll Wanderer)                Turns: 1127, Time: 00:01:37

Health: -2/32      AC:  3    Str: 10    XL:     4   Next: 4%
Magic:  11/11      EV: 13    Int: 14    God:
Gold:   86         SH:  0    Dex: 12    Spells: 12/13 levels left

rFire   . . .      SeeInvis .    g - +4 lajatang (elec)
rCold   . . .      Faith    .    (shield currently unavailable)
rNeg    . . .      Spirit   .    f - +0 robe
rPois   .          Reflect  .    (no helmet)
rElec   .          Harm     .    (no cloak)
rCorr   .          Rampage  .    d - +0 pair of gloves
Will    .....                    (no boots)
Stlth   ++                       (no amulet)
HPRegen 0.25/turn                (no ring)
MPRegen 0.12/turn                (no ring)

@: slowed, very slow
A: fangs 1, strong nose, distributed training
a: no special abilities


You were on level 2 of the Dungeon.
You visited 1 branch of the dungeon, and saw 2 of its levels.

You collected 86 gold pieces.

Inventory:

Hand Weapons
 a - a +0 dagger
 g - a +4 lajatang of electrocution (weapon)
Missiles
 b - an atropa-tipped dart (quivered)
 c - 2 datura-tipped darts
 l - 2 poisoned darts
 m - 4 curare-tipped darts
Armour
 d - a +0 pair of gloves (worn)
 f - a +0 robe (worn)
Jewellery
 j - a ring of ice
Scrolls
 h - 2 scrolls of blinking {unknown}
 i - a scroll of noise {unknown}
 n - a scroll of vulnerability {unknown}
 o - a scroll of enchant weapon {unknown}
Potions
 e - a potion of haste
 k - a potion of brilliance {unknown}
 p - a potion of curing {unknown}


   Skills:
 + Level 1.0 Fighting
 + Level 1.0 Short Blades
 + Level 1.0 Long Blades
 + Level 1.0 Axes
 + Level 1.0 Maces & Flails
 + Level 1.0 Polearms
 + Level 1.0 Staves
 + Level 1.0 Ranged Weapons
 + Level 1.0 Throwing
 + Level 1.0 Armour
 + Level 4.6 Dodging
 + Level 4.2 Stealth
 + Level 1.0 Shields
 + Level 1.0 Unarmed Combat
 + Level 5.0 Spellcasting
 + Level 0.8 Conjurations
 + Level 0.8 Hexes
 + Level 0.8 Summonings
 + Level 0.8 Necromancy
 + Level 0.8 Translocations
 + Level 0.8 Transmutations
 + Level 0.8 Fire Magic
 + Level 3.8 Ice Magic
 + Level 0.8 Air Magic
 + Level 0.8 Earth Magic
 + Level 0.8 Poison Magic
 + Level 2.8 Invocations
 + Level 2.7 Evocations


You had 12 spell levels left.
You knew the following spells:

 Your Spells              Type           Power      Damage    Failure   Level
a - Freeze                Ice            56%        1d7       3%          1

Your spell library contained the following spells:

 Spells                   Type           Power      Damage    Failure   Level
 Frozen Ramparts          Ice            28%        1d5       11%         3
 Kiss of Death            Conj/Necr      20%        2d7       12%         1
 Confusing Touch          Hex            5%         N/A       36%         3
 Portal Projectile        Hex/Tloc       10%        N/A       36%         3
 Tukima's Dance           Hex            5%         N/A       36%         3
 Dispel Undead            Necr           5%         3d7       77%         4
 Blade Hands              Tmut           2%         N/A       98%         5


Dungeon Overview and Level Annotations

Branches:
Dungeon (2/15)

Altars:

Shops:
D:1 ?

Annotations:
D:2 Natasha


Innate Abilities, Weirdness & Mutations

You have very sharp teeth.
Your uncanny sense of smell can sniff out nearby items.
Your experience applies equally to all skills.


Message History

Your Axes skill increases to level 1!
Your Maces & Flails skill increases to level 1!
Your Polearms skill increases to level 1!
Your Staves skill increases to level 1!
Your Ranged Weapons skill increases to level 1!
Your Throwing skill increases to level 1!
Your Armour skill increases to level 1!
Your Shields skill increases to level 1!
Your Unarmed Combat skill increases to level 1!
You have reached level 4!
You feel clever.
A giant cockroach comes into view.
A giant cockroach is nearby!
A giant cockroach is nearby!
Found 8 gold pieces.
Natasha, Servant of Life and Death comes into view.
She is carrying a wand of digging (6).
Natasha hisses angrily.
Natasha mumbles some strange words.
Natasha shimmers violently.
Natasha casts a spell at you. You resist with some effort.
You barely miss the giant cockroach. The giant cockroach misses you.
Natasha stares at you and mumbles some strange words.
The magic dart hits you.
You slice the giant cockroach!!
You kill the giant cockroach!
Found a scroll labelled YKKADO ZYMUP.
Natasha stares at you and mumbles some strange words.
You feel yourself slow down. Natasha barely misses you.
You hit Natasha.
Natasha is lightly wounded.
Natasha claws you! x2
You miss Natasha.
Natasha is lightly wounded.
Natasha claws you!
* * * LOW HITPOINT WARNING * * *
Natasha casts a spell at you. The magic dart hits you!
You die...

$.......#...............
...###..#.##..#...⌠⌠~⌠~
#.. ##...........⌠.P..
#.###.#.###.....~.###
#...#....##.....~[# #
######..##.........⌠.#.#
#...†.......###.#..~.#.#
#........#..........P...
#......@...###. ~~⌠
#......h.### # ...
#......#.# .#.
#......#.. ...
#......##.. .#. ########
#.. #. ..? ... ...#
.##### ...##.


You could see Natasha.

Vanquished Creatures
  Natasha (D:2)
  An adder (D:2)
  A dart slug (D:1)
  A ball python (D:1)
  2 endoplasms (D:1)
  3 giant cockroaches
  3 goblins
  2 hobgoblins (D:1)
  3 jackals (D:1)
  2 frilled lizards (D:2)
  2 kobolds
  A rat (D:2)
22 creatures vanquished.

Vanquished Creatures (others)
  A plant (D:2)
1 creature vanquished.

Grand Total: 23 creatures vanquished

Notes
Turn   | Place    | Note
-------+----------+-------------------------------------------
     0 | D:1      | wormed the Gnoll Wanderer began the quest for the Orb.
     0 | D:1      | wormed set off with the following items: a +0 dagger, an
                  | atropa-tipped dart, 2 datura-tipped darts, a +0 pair of
                  | gloves, a potion of haste, a +0 robe; and the following
                  | spell memorised: Freeze; and the following spells available
                  | to memorise: Frozen Ramparts.
     0 | D:1      | Reached XP level 1. HP: 13/13 MP: 6/6
   172 | D:1      | Found The Oracle's Delphic Readings.
   246 | D:1      | Reached XP level 2. HP: 20/20 MP: 7/7
   771 | D:1      | Identified a scroll of acquirement
   771 | D:1      | Acquired a +4 lajatang of electrocution
   898 | D:2      | Reached skill level 5 in Spellcasting
   898 | D:2      | Reached XP level 3. HP: 13/25 MP: 7/9
  1109 | D:2      | Noticed Natasha
  1117 | D:2      | Killed Natasha
  1118 | D:2      | Reached skill level 1 in Fighting
  1118 | D:2      | Reached skill level 1 in Short Blades
  1118 | D:2      | Reached skill level 1 in Long Blades
  1118 | D:2      | Reached skill level 1 in Axes
  1118 | D:2      | Reached skill level 1 in Maces & Flails
  1118 | D:2      | Reached skill level 1 in Polearms
  1118 | D:2      | Reached skill level 1 in Staves
  1118 | D:2      | Reached skill level 1 in Ranged Weapons
  1118 | D:2      | Reached skill level 1 in Throwing
  1118 | D:2      | Reached skill level 1 in Armour
  1118 | D:2      | Reached skill level 1 in Shields
  1118 | D:2      | Reached skill level 1 in Unarmed Combat
  1118 | D:2      | Reached XP level 4. HP: 32/32 MP: 11/11
  1120 | D:2      | Noticed Natasha
  1127 | D:2      | Killed from afar by Natasha

Illustrated notes

Levels and vault maps discovered:
D:1:      reono_arrival_mine, layout_loops_ring, nicolae_nh_oracle_at_delphi
D:2:      layout_rooms, shapermc_ecumenical_altar_acropolis, serial_forest,
          infiniplex_forest_corner_1, infiniplex_forest_lined_3,
          infiniplex_forest_lined_2, infiniplex_forest_clump_curved,
          infiniplex_forest_straight_4, infiniplex_forest_3_way,
          infiniplex_forest_clump_curved, infiniplex_forest_lined_4_way,
          uniq_natasha

Skill      XL: |  1  2  3 |
---------------+----------+-----
Spellcasting   | 5 |  5.0
Fighting       | 1 |  1.0
Short Blades   | 1 |  1.0
Long Blades    | 1 |  1.0
Axes           | 1 |  1.0
Maces & Flails | 1 |  1.0
Polearms       | 1 |  1.0
Staves         | 1 |  1.0
Ranged Weapons | 1 |  1.0
Throwing       | 1 |  1.0
Armour         | 1 |  1.0
Shields        | 1 |  1.0
Unarmed Combat | 1 |  1.0
Dodging        | |  4.6
Stealth        | |  4.2
Conjurations   | |  0.8
Hexes          | |  0.8
Summonings     | |  0.8
Necromancy     | |  0.8
Translocations | |  0.8
Transmutations | |  0.8
Fire Magic     | |  0.8
Ice Magic      | |  3.8
Air Magic      | |  0.8
Earth Magic    | |  0.8
Poison Magic   | |  0.8
Invocations    | |  2.8
Evocations     | |  2.7

Action                   |  1- 3 |  4- 6 || total
-------------------------+-------+-------++-------
Melee: Dagger            |    77 |       ||    77
       Bite              |     8 |       ||     8
       Lajatang          |    30 |     4 ||    34
       Punch             |     1 |       ||     1
  Use: Scroll            |     2 |       ||     2
 Stab: Sleeping          |     4 |       ||     4
Armor: Robe              |    28 |       ||    28
Dodge: Dodged            |    72 |     2 ||    74

Table legend: (Time is in decaauts)
 A = Elapsed time spent in this place.
 B = Non-inter-level travel time spent in this place.
 C = Inter-level travel time spent in this place.
 D = Time resting spent in this place.
 E = Time spent auto-exploring this place.
 F = Levels seen in this place.
 G = Mean time per level.
                   A        B        C        D        E       F      G
               +--------+--------+--------+--------+--------+-----+--------+
         Total |   1138 |   1123 |     15 |      0 |    892 |   2 |  569.0 |
       Dungeon |   1138 |   1123 |     15 |      0 |    892 |   2 |  569.0 |
               +--------+--------+--------+--------+--------+-----+--------+

Top non-repeatable levels by time:
     D:1: 789 daAuts
     D:2: 349 daAuts
